 Dungeon Crawl Stone Soup version 0.30-a0-322-g102857c98e (webtiles) character file.

Game seed: 18413683695525598132

1734 NinjaNoafa the Cleaver (level 8, -5/73 HPs)
             Began as a Minotaur Fighter on Oct 26, 2022.
             Was an Initiate of Gozag.
             Slain by Duvessa
             ... wielding a +4 short sword of speed
              (13 damage)
             ... on level 6 of the Dungeon on Oct 27, 2022.
             The game lasted 00:12:10 (4726 turns).

NinjaNoafa the Cleaver (Minotaur Fighter)           Turns: 4726, Time: 00:12:12

Health: -5/73      AC: 13    Str: 23    XL:     8   Next: 76%
Magic:  0/7        EV:  8    Int:  5    God:    Gozag
Gold:   242        SH:  5    Dex: 10    Spells: 7/7 levels left

rFire   . . .      SeeInvis .    a - +0 war axe
rCold   . . .      Faith    .    c - +0 buckler
rNeg    . . .      Spirit   +    F - +0 chain mail
rPois   .          Reflect  .    (helmet restricted)
rElec   .          Harm     .    n - +0 cloak
rCorr   .          Rampage  .    i - +0 pair of gloves
Will    +....                    (no boots)
Stlth   ..........               y - amulet of guardian spirit
HPRegen 0.32/turn                w - ring of willpower
MPRegen 0.10/turn                (no ring)

@: gold aura
A: horns 2, retaliatory headbutt
a: Renounce Religion, Potion Petition, Call Merchant, Bribe Branch


You were on level 6 of the Dungeon.
You worshipped Gozag.
Gozag was aware of your devotion.
You visited 1 branch of the dungeon, and saw 6 of its levels.

You collected 450 gold pieces.
You spent 105 gold pieces at shops.
You paid 103 gold pieces to Gozag.

Inventory:

Hand Weapons
 a - a +0 war axe (weapon)
Missiles
 e - 2 poisoned darts
 f - 8 boomerangs (quivered)
 g - 82 stones
Armour
 c - a +0 buckler (worn)
 i - a +0 pair of gloves (worn)
 n - a +0 cloak (worn)
 F - a +0 chain mail (worn)
Jewellery
 w - a ring of willpower (left hand)
 y - an amulet of guardian spirit (around neck)
Wands
 s - a wand of polymorph (4)
Scrolls
 h - a scroll of silence {unknown}
 l - 5 scrolls of teleportation
 m - 2 scrolls of enchant weapon {unknown}
 o - a scroll of fog {unknown}
 p - 2 scrolls of identify {unknown}
 t - a scroll of amnesia {unknown}
 u - a scroll of poison {unknown}
 v - a scroll of enchant armour {unknown}
 x - 3 scrolls of vulnerability
 A - a scroll of immolation {unknown}
Potions
 d - a potion of might
 k - 2 potions of lignification {unknown}
 q - 2 potions of mutation {unknown}
 r - 2 potions of haste {unknown}
 z - a potion of resistance {unknown}
 B - 2 potions of heal wounds {unknown}
 C - a potion of magic {unknown}
 D - a potion of attraction {unknown}


   Skills:
 - Level 7.0 Fighting
 - Level 9.0 Axes
 + Level 8.6 Armour
 - Level 5.0 Shields


You had 7 spell levels left.
You didn't know any spells.
Your spell library contained the following spells:

 Spells                   Type           Power      Damage    Failure   Level
 Magic Dart               Conj           0%         1d3       99%         1
 Call Imp                 Summ           0%         N/A       99%         2
 Mephitic Cloud           Conj/Pois/Air  0%         N/A       100%        3


Dungeon Overview and Level Annotations

Branches:
Dungeon (6/15)
 Temple: D:4-7

Altars:
Gozag
Makhleb
Trog
Xom
The Shining One

Shops:
D:1 ([*

Annotations:
D:6 Duvessa


Innate Abilities, Weirdness & Mutations

You have a pair of horns on your head.
You reflexively headbutt those who attack you in melee.


Message History

You barely miss Duvessa.
Duvessa is almost dead.
You hit Dowan.
You kill Dowan!
Duvessa screams in rage.
Duvessa goes berserk!
You feel very sick.
Duvessa hits you with a +4 short sword of speed.
You block Duvessa's attack. Duvessa hits you but does no damage.
You hit Duvessa.
Duvessa is almost dead.
You feel sick. Duvessa closely misses you. You block Duvessa's attack.
You closely miss Duvessa.
Duvessa is almost dead.
You feel sick. Duvessa closely misses you.
Duvessa hits you with a +4 short sword of speed!
* * * LOW HITPOINT WARNING * * *
You hit Duvessa. You headbutt Duvessa, but do no damage.
Duvessa is almost dead.
You feel sick.
Duvessa hits you with a +4 short sword of speed.
* * * LOW HITPOINT WARNING * * *
Duvessa hits you with a +4 short sword of speed.
* * * LOW HITPOINT WARNING * * *
Duvessa misses you. You furiously retaliate!
You headbutt Duvessa.
You feel better.
Duvessa hits you with a +4 short sword of speed!
* * * LOW HITPOINT WARNING * * *
You block Duvessa's attack.
You barely miss Duvessa.
Duvessa is almost dead.
Duvessa is distracted by your dazzling golden aura.
You catch the helpless Duvessa completely off-guard!
You hit Duvessa.
Duvessa is no longer distracted by gold.
You headbutt Duvessa.
Duvessa is almost dead.
Duvessa hits you with a +4 short sword of speed!
You die...
Your body crumbles into a pile of gold.

#
.).#.#..###...#
##.##.#..##....#
#.............#
####.#####....#
#.# ##)..#
####.######...#
#............##
#.####.####.##
#@# #.# #.#
......$e# #[#
#.# #.##.####
#.# #.# .. ..#
#.# #.. $ ...
..# ## ### #.#


You could see Duvessa (berserk, fast).

Vanquished Creatures
  Edmund (D:4)
  A water moccasin (D:5)
  3 black bears
  An ogre (D:4)
  4 scorpions
  Dowan (D:6)
  4 crimson imps (D:4)
  7 hounds
  3 jellies
  2 orc priests (D:4)
  3 iguanas (D:5)
  6 gnolls (D:5)
  15 adders
  2 worms
  4 dart slugs
  25 orcs
  4 ball pythons
  3 endoplasms
  3 giant cockroaches
  2 hobgoblins (D:3)
  4 quokkas
  3 bats
  A frilled lizard (D:3)
  7 goblins
  5 kobolds
  2 rats (D:1)
116 creatures vanquished.

Notes
Turn   | Place    | Note
-------+----------+-------------------------------------------
     0 | D:1      | NinjaNoafa the Minotaur Fighter began the quest for the
                  | Orb.
     0 | D:1      | Reached XP level 1. HP: 19/19 MP: 0/0
    71 | D:1      | Found Qomi Vuo's Assorted Antiques.
    78 | D:1      | Reached skill level 3 in Axes
   138 | D:1      | Reached XP level 2. HP: 12/26 MP: 1/1
   277 | D:1      | Found Liylaw's Weapon Boutique.
   466 | D:1      | Found Pitoal Taac's Armour Shop.
   638 | D:2      | Reached skill level 4 in Axes
   646 | D:2      | Reached XP level 3. HP: 31/31 MP: 2/2
   731 | D:2      | Reached skill level 5 in Axes
   794 | D:2      | Reached XP level 4. HP: 39/40 MP: 3/3
  1053 | D:2      | You fall into a shaft and drop 2 floors!
  1057 | D:4      | Noticed Edmund
  1069 | D:4      | Killed Edmund
  1070 | D:4      | Reached skill level 5 in Fighting
  1070 | D:4      | Reached skill level 5 in Armour
  1070 | D:4      | Reached XP level 5. HP: 42/48 MP: 4/4
  1616 | D:1      | Bought an encrusted diamond ring for 105 gold pieces
  1891 | D:3      | Noticed a black bear
  1899 | D:3      | Killed a black bear
  1900 | D:3      | Reached XP level 6. HP: 47/56 MP: 5/5
  2310 | D:4      | Reached skill level 5 in Shields
  2310 | D:4      | Reached XP level 7. HP: 56/63 MP: 6/6
  2551 | D:4      | Found a shimmering altar of Xom.
  2553 | D:4      | Upgraded the game from 0.30-a0-313-gae38170b09 to
                  | 0.30-a0-322-g102857c98e
  2951 | D:5      | Entered Level 5 of the Dungeon
  3133 | D:5      | Found a burning altar of Makhleb.
  3133 | D:5      | Found a bloodstained altar of Trog.
  3270 | D:5      | Reached skill level 6 in Axes
  3275 | D:5      | Reached XP level 8. HP: 9/73 MP: 7/7
  3495 | D:5      | Reached skill level 7 in Axes
  3702 | D:5      | Found an opulent altar of Gozag.
  3751 | D:5      | Reached skill level 8 in Axes
  3928 | D:5      | Became a worshipper of Gozag Ym Sagoz the Greedy
  4523 | D:6      | Reached skill level 9 in Axes
  4627 | D:6      | Found a glowing golden altar of the Shining One.
  4712 | D:6      | Noticed Duvessa
  4712 | D:6      | Noticed Dowan
  4720 | D:6      | Killed Dowan
  4726 | D:6      | Slain by Duvessa

Illustrated notes

Levels and vault maps discovered:
D:1:      heliophobic_arrival_henge, layout_rooms, serial_shops, shop,
          nicolae_shop_hallway_stairs, nicolae_shop_advertising_works
          [nicolae_subvault_shop_adworks]
D:2:      layout_rooms, grunt_ministairs_14, kennysheep_generic_room_2
D:3:      layout_loops_ring, chequers_arboretum
D:4:      layout_cave_pools, led_xom_imps, serial_column_ruins,
          column_ruins_square_large, column_ruins_open_tiny,
          column_ruins_open_large, column_ruins_open_tiny,
          column_ruins_open_tiny, column_ruins_open_small, uniq_edmund
D:5:      nicolae_cairo_tiling_large_dashed, layout_basic,
          gammafunk_temple_overflow_wave, kennysheep_mini
D:6:      layout_loops_ring, overflow_temple_1_default, grunt_decor_one_mirror,
          uniq_duvessa

Skill      XL: |  1  2  3  4  5  6  7  8 |
---------------+-------------------------+-----
Axes           | 3 4 5 6 9 |  9.0
Armour         | 5 6 7 8 |  8.6
Fighting       | 5 6 7 |  7.0
Shields        | 4 5 |  5.0

Action                   |  1- 3 |  4- 6 |  7- 9 || total
-------------------------+-------+-------+-------++-------
Melee: War axe           |    47 |   105 |   153 ||   305
       Headbutt          |     5 |    11 |    20 ||    36
       Unarmed           |       |       |    14 ||    14
  Use: Potion            |       |     1 |     2 ||     3
       Scroll            |       |       |     2 ||     2
 Stab: Distracted        |       |       |     1 ||     1
Armor: Scale mail        |    25 |   103 |    73 ||   201
       Skin              |       |     3 |       ||     3
       Chain mail        |       |       |     8 ||     8
Dodge: Dodged            |    23 |    75 |    86 ||   184
Block: Buckler           |    10 |    42 |    51 ||   103

Table legend: (Time is in decaauts)
 A = Elapsed time spent in this place.
 B = Non-inter-level travel time spent in this place.
 C = Inter-level travel time spent in this place.
 D = Time resting spent in this place.
 E = Time spent auto-exploring this place.
 F = Levels seen in this place.
 G = Mean time per level.
                   A        B        C        D        E       F      G
               +--------+--------+--------+--------+--------+-----+--------+
         Total |   4804 |   4376 |    428 |      0 |   3334 |   6 |  800.7 |
       Dungeon |   4804 |   4376 |    428 |      0 |   3334 |   6 |  800.7 |
               +--------+--------+--------+--------+--------+-----+--------+

Top non-repeatable levels by time:
     D:5: 1354 daAuts
     D:4: 1034 daAuts
     D:3: 850 daAuts
     D:1: 648 daAuts
     D:2: 633 daAuts
     D:6: 283 daAuts
